 Dungeon Crawl Stone Soup version 0.20.1-1-g8b1a95d (webtiles) character file.

30 Jazqa the Skirmisher (level 3, 0/33 HPs)
             Began as a Minotaur Hunter on Oct 30, 2017.
             Slain by an adder (2 damage)
             ... on level 2 of the Dungeon.
             The game lasted 00:01:25 (778 turns).

Jazqa the Skirmisher (Minotaur Hunter)               Turns: 778, Time: 00:01:26

Health: 0/33       AC:  3    Str: 17    XL:     3   Next: 3%
Magic:  2/2        EV: 12    Int:  8    God:
Gold:   79         SH:  0    Dex: 10    Spells: 2/2 levels left

rFire    . . .     SeeInvis .   m - -3 whip (curse)
rCold    . . .     Gourm    .   (no shield)
rNeg     . . .     Faith    .   b - +0 leather armour
rPois    .         Spirit   .   (helmet restricted)
rElec    .         Reflect  .   (no cloak)
rCorr    .         Harm     .   (no gloves)
MR       .....                  (no boots)
Stlth    +.........             (no amulet)
Regen    0.2/turn               (no ring)
MPRegen  0.1/turn               (no ring)

@: lethally poisoned (0 -> -13)
A: retaliatory headbutt, horns 2
a: no special abilities


You were on level 2 of the Dungeon.
You were not hungry.

You visited 1 branch of the dungeon, and saw 2 of its levels.

You collected 79 gold pieces.


Innate Abilities, Weirdness & Mutations

You reflexively headbutt those who attack you in melee.
You have a pair of horns on your head.


   Skills:
 + Level 4.3 Fighting
 - Level 4.0 Throwing
 - Level 2.1 Dodging
 - Level 0.7 Stealth


You had 2 spell levels left.
You didn't know any spells.

Inventory:

Hand Weapons
 m - a cursed -3 whip (weapon)
 n - a +0 whip
Missiles
 c - 6 javelins (quivered)
 d - 2 throwing nets {=f}
Armour
 b - a +0 leather armour (worn)
 e - a +0 hat
Scrolls
 i - a scroll of identify {@r1}
 k - a scroll of teleportation {@r4}
Potions
 h - a potion of curing {unknown}
 l - a potion of might
 o - a potion of flight {unknown}
Comestibles
 a - a royal jelly {@e3}
 f - a bread ration {@e1}
 g - 7 chunks of flesh
 j - a fruit {@e2}

Dungeon Overview and Level Annotations

Branches:
Dungeon (2/15)

Altars:
Ashenzari

######## #......#
#......# #......#
#......#
#########.)@...#
#......(..S........
#..>..###......##..
####.....####.#####
#........##...#
....░░░░░..##...#
░░░.░ ░..##...#
░░░.░ ░#......#
░...░░ #......#


You could see an adder.


Message History

* * * LOW HITPOINT WARNING * * *
You are more poisoned.
The adder poisons you!
You hit the adder.
The adder is lightly wounded.
You feel sick. The adder closely misses you.
You barely miss the adder.
The adder is lightly wounded.
You feel sick. The adder closely misses you. x2
You miss the adder. Your headbutt misses the adder.
The adder is lightly wounded.
You feel sick. The adder bites you.
* * * LOW HITPOINT WARNING * * *
You are more poisoned.
The adder poisons you!
You hit the adder but do no damage.
The adder is lightly wounded.
* * * LOW HITPOINT WARNING * * *
You feel sick. The adder barely misses you. The adder bites you.
* * * LOW HITPOINT WARNING * * *
You hit the adder.
The adder is moderately wounded.
* * * LOW HITPOINT WARNING * * *
You feel sick. The adder bites you.
* * * LOW HITPOINT WARNING * * *
You hit the adder but do no damage.
The adder is moderately wounded.
* * * LOW HITPOINT WARNING * * *
You feel sick. The adder bites you.
You die...

Skill      XL: |  1  2 |
---------------+-------+-----
Fighting       | 3 4 |  4.3
Throwing       | |  4.0
Dodging        | |  2.1
Stealth        | |  0.7

Action                   || total
-------------------------++-------
Melee: Short sword       ||    16
       Whip              ||    51
       Headbutt          ||    13
  Use: Scroll            ||     5
Armor: Leather armour    ||    26
Dodge: Dodged            ||    43

Vault maps used:
D:1:      sevenhm_arrival_forest_fort_large_4
D:2:      elyvilon_altar_1, chequers_temple_overflow_statue_of_worship,
          nicolae_overflow_crystal_walls, chequers_ecumenical_altar_simple,
          uniq_crazy_yiuf_cottage

Notes
Turn   | Place    | Note
-------+----------+-------------------------------------------
     0 | D:1      | Jazqa the Minotaur Hunter began the quest for the Orb.
     0 | D:1      | Reached XP level 1. HP: 18/18 MP: 0/0
    59 | D:1      | Reached skill level 3 in Fighting
   156 | D:1      | Reached XP level 2. HP: 19/26 MP: 1/1
   591 | D:1      | Reached skill level 4 in Fighting
   686 | D:2      | Found a shattered altar of Ashenzari.
   765 | D:2      | Reached XP level 3. HP: 26/33 MP: 2/2
   777 | D:2      | HP: 3/33 [adder (2)]
   778 | D:2      | Slain by an adder

Vanquished Creatures
  A worm (D:2)
  2 ball pythons
  A giant cockroach (D:1)
  6 goblins
  2 hobgoblins (D:1)
  3 jackals (D:1)
  2 kobolds
  3 bats
  A frilled lizard (D:1)
  4 rats
25 creatures vanquished.
